Map: Asper Mountain

Players

Loken

  • Race: Protoss Protoss
  • League: Platinum
  • Spawn Location: 7:00

Rugi

  • Race: Zerg Zerg
  • League: Master
  • Spawn Location: 9:00

Myran

  • Race: Protoss Protoss
  • Spawn Location: 9:00

dallaskuken

  • Race: Protoss Protoss
  • League: Platinum
  • Spawn Location: 12:00

MinsDaSila

  • Race: Zerg Zerg
  • Spawn Location: 5:00

Folkoven

  • Race: Zerg Zerg
  • Spawn Location: 3:00

Iska

  • Race: Protoss Protoss
  • Spawn Location: 1:00

phoenix

  • Race: Zerg Zerg
  • Spawn Location: 3:00

VOD

Have the link to the VOD?

Description

Time

  • Played on: March 30, 2017, 5:02 p.m.
  • Length: 8:07
Show
View Real Time Build Order
Export as new Build Order

Loken Protoss 

Build Orders:  

Get SALT Encoding   

  12  0:01  Probe (Chrono Boost)  
  13  0:13  Probe (Chrono Boost)  
  14  0:24  Pylon, Probe (Chrono Boost)  
  15  0:41  Pylon  
  15  0:44  Forge  
  15  0:47  Probe (Chrono Boost)  
  16  0:57  Probe (Chrono Boost)  
  16  1:02  Gateway  
  17  1:12  Pylon  
  17  1:16  Probe (Chrono Boost)  
  18  1:27  Photon Cannon, Probe (Chrono Boost)  
  19  1:51  Nexus  
  19  2:08  Probe (Chrono Boost)  
  20  2:12  Assimilator  
  20  2:18  Assimilator, Probe (Chrono Boost)  
  20  2:19  Zealot  
  23  2:25  Pylon  
  23  2:29  Probe (Chrono Boost)  
  24  2:40  Probe (Chrono Boost)  
  25  2:58  Cybernetics Core  
  25  3:02  Probe (Chrono Boost)  
  25  3:03  Probe (Chrono Boost)  
  27  3:08  Zealot  
  27  3:12  Probe (Chrono Boost)  
  30  3:14  Probe (Chrono Boost)  
  31  3:21  Assimilator  
  31  3:23  Probe (Chrono Boost)  
  31  3:24  Probe (Chrono Boost)  
  31  3:25  Assimilator  
  33  3:33  Probe (Chrono Boost)  
  34  3:35  Warp Gate, Probe (Chrono Boost)  
  34  3:39  Stargate  
  35  3:44  Probe (Chrono Boost)  
  35  3:45  Probe (Chrono Boost)  
  37  3:54  Probe (Chrono Boost)  
  38  3:56  Probe (Chrono Boost)  
  38  3:58  Stargate  
  39  4:05  Probe (Chrono Boost)  
  39  4:07  Probe (Chrono Boost)  
  41  4:15  Probe (Chrono Boost)  
  42  4:17  Probe (Chrono Boost)  
  42  4:19  Pylon  
  43  4:26  Probe (Chrono Boost)  
  43  4:28  Void Ray, Probe (Chrono Boost)  
  49  4:37  Void Ray, Probe (Chrono Boost)  
  51  4:38  Probe (Chrono Boost)  
  55  4:49  Probe x2 (Chrono Boost)  
  55  4:50  Pylon  
  57  4:53  Pylon  
  57  5:11  Void Ray  
  61  5:15  Void Ray  
  65  5:33  Protoss Air Weapons Level 1  
  65  5:52  Void Ray  
  65  5:54  Void Ray  
  69  5:58  Gateway  
  69  6:01  Gateway  
  69  6:03  Gateway  
  73  6:06  Gateway  
  73  6:07  Gateway  
  73  6:08  Gateway  
  72  6:28  Pylon  
  72  6:29  Pylon, Void Ray  
  72  6:32  Pylon, Void Ray  
  72  6:35  Pylon  
  72  6:37  Pylon  
  72  6:38  Pylon x2  
  72  6:39  Pylon  
  80  6:41  Pylon  
  80  6:53  Gateway  
  80  6:54  Gateway  
  80  6:56  Gateway  
  80  7:06  Void Ray  
  80  7:09  Void Ray  
Show
View Real Time Build Order
Export as new Build Order

Rugi Zerg 

Build Orders: Hatch First 

Get SALT Encoding   

  12  0:01  Drone  
  13  0:12  Overlord  
  13  0:18  Drone  
  14  0:32  Drone x2  
  14  0:34  Drone  
  17  0:54  Hatchery  
  17  0:57  Drone  
  17  1:00  Drone  
  17  1:02  Extractor  
  17  1:07  Drone  
  18  1:20  Spawning Pool  
  18  1:22  Drone  
  18  1:28  Drone  
  19  1:45  Overlord  
  19  2:08  Zergling x4  
  19  2:09  Queen x2, Zergling x2  
  19  2:11  Zergling x2  
  27  2:16  Zergling x2  
  27  2:18  Metabolic Boost  
  28  2:25  Zergling x2  
  29  2:48  Zergling x8  
  33  3:00  Zergling x4  
  33  3:01  Zergling x2  
  36  3:05  Baneling Nest  
  36  3:07  Drone  
  36  3:14  Overlord  
  36  3:15  Overlord  
  36  3:17  Spore Crawler  
  34  3:34  Zergling x10  
  34  3:35  Zergling x4  
  40  3:47  Zergling x2  
  40  3:48  Zergling x2  
  35  4:02  Baneling x4  
  32  4:05  Zergling x2  
  32  4:06  Zergling x4  
  35  4:15  Zergling x2  
  35  4:16  Zergling x10  
  35  4:17  Zergling x2  
  40  4:31  Zergling x4  
  35  5:03  Zergling x16  
  31  5:29  Queen  
  31  5:30  Queen  
  31  5:32  Drone x3  
  31  5:34  Drone  
  39  5:41  Zergling x4  
  41  5:43  Baneling  
  41  5:44  Baneling x2  
  41  5:51  Drone x2  
  30  6:33  Drone x5  
  30  6:34  Drone x3  
  37  6:42  Queen  
  37  6:43  Queen  
  41  6:48  Drone x2  
  41  6:50  Extractor x2  
  41  6:51  Extractor  
  40  7:03  Drone  
  40  7:04  Drone x3  
  44  7:18  Hatchery  
  43  7:37  Drone x3  
  45  7:39  Drone x3  
  49  7:55  Roach Warren  
Show
View Real Time Build Order
Export as new Build Order

Myran Protoss 

Build Orders:  

Get SALT Encoding   

  12  0:02  Probe (Chrono Boost)  
  13  0:12  Probe (Chrono Boost)  
  14  0:20  Pylon  
  14  0:23  Probe (Chrono Boost)  
  15  0:38  Probe (Chrono Boost)  
  15  0:42  Gateway  
  16  0:49  Probe (Chrono Boost)  
  17  0:59  Probe (Chrono Boost)  
  18  1:04  Pylon  
  18  1:07  Assimilator  
  18  1:10  Probe (Chrono Boost)  
  19  1:24  Probe (Chrono Boost)  
  20  1:29  Zealot  
  22  1:35  Probe (Chrono Boost)  
  23  1:41  Forge  
  23  1:45  Probe (Chrono Boost)  
  26  2:05  Pylon  
  24  2:12  Pylon  
  24  2:20  Zealot, Pylon  
  24  2:27  Pylon  
  19  2:50  Photon Cannon  
  19  2:55  Pylon  
  19  2:56  Pylon  
  19  2:59  Probe (Chrono Boost)  
  20  3:06  Zealot  
  20  3:09  Probe (Chrono Boost)  
  23  3:17  Photon Cannon  
  21  3:27  Probe (Chrono Boost)  
  21  3:33  Zealot  
  24  3:47  Nexus  
  24  3:49  Probe (Chrono Boost)  
  25  4:00  Cybernetics Core  
  25  4:06  Probe (Chrono Boost)  
  25  4:07  Assimilator  
  28  4:17  Zealot  
  28  4:19  Protoss Ground Weapons Level 1  
  28  4:33  Probe (Chrono Boost)  
  29  4:42  Warp Gate  
  29  4:44  Stalker  
  31  4:47  Gateway x2  
  31  4:57  Pylon  
  31  5:00  Probe (Chrono Boost)  
  32  5:08  Probe (Chrono Boost)  
  32  5:11  Probe (Chrono Boost)  
  34  5:18  Probe (Chrono Boost)  
  35  5:25  Stalker  
  37  5:29  Probe (Chrono Boost)  
  38  5:39  Probe (Chrono Boost)  
  39  5:51  Zealot x2  
  39  5:55  Zealot  
  45  6:15  Probe (Chrono Boost)  
  47  6:25  Probe (Chrono Boost)  
  47  6:26  Zealot x3  
  53  6:34  Photon Cannon  
  53  6:35  Pylon  
  53  6:41  Gateway  
  53  6:42  Probe (Chrono Boost)  
  54  6:53  Probe (Chrono Boost)  
  55  7:11  Zealot x2  
  55  7:12  Zealot  
  61  7:20  Twilight Council  
  61  7:23  Pylon  
  61  7:24  Probe (Chrono Boost)  
  61  7:25  Pylon  
  61  7:29  Probe (Chrono Boost)  
  63  7:35  Assimilator, Probe (Chrono Boost)  
  64  7:39  Assimilator  
  64  7:40  Probe (Chrono Boost)  
  64  7:42  Stalker  
  64  7:43  Stalker  
  69  7:45  Stalker x2  
  69  7:50  Probe (Chrono Boost)  
  74  8:00  Pylon  
  74  8:03  Pylon  
Show
View Real Time Build Order
Export as new Build Order

dallaskuken Protoss 

Build Orders: 1 Gate Expand 

Get SALT Encoding   

  12  0:02  Probe (Chrono Boost)  
  13  0:17  Pylon  
  13  0:18  Probe (Chrono Boost)  
  14  0:31  Probe (Chrono Boost)  
  15  0:43  Gateway  
  15  0:45  Probe (Chrono Boost)  
  16  0:56  Probe (Chrono Boost)  
  17  1:16  Probe (Chrono Boost)  
  18  1:25  Nexus  
  18  1:26  Probe (Chrono Boost)  
  18  1:32  Cybernetics Core  
  19  1:34  Pylon  
  19  1:40  Assimilator  
  19  1:45  Assimilator  
  19  1:52  Pylon  
  19  1:54  Zealot  
  21  2:17  Zealot  
  23  2:47  Zealot  
  25  3:10  Zealot  
  27  3:26  Warp Gate  
  26  3:34  Probe (Chrono Boost)  
  26  3:36  Gateway  
  26  3:39  Probe (Chrono Boost)  
  26  3:40  Robotics Facility  
  27  3:46  Probe (Chrono Boost)  
  28  3:49  Probe (Chrono Boost)  
  29  3:59  Probe (Chrono Boost)  
  29  4:00  Probe (Chrono Boost)  
  31  4:08  Pylon  
  32  4:10  Forge  
  32  4:11  Probe x2 (Chrono Boost)  
  33  4:21  Probe (Chrono Boost)  
  34  4:31  Warp Prism  
  34  4:32  Probe (Chrono Boost)  
  37  4:42  Probe (Chrono Boost)  
  38  4:49  Stalker  
  38  4:51  Stalker  
  42  5:08  Probe (Chrono Boost)  
  43  5:17  Pylon  
  43  5:18  Pylon  
  43  5:19  Probe (Chrono Boost)  
  43  5:20  Pylon  
  44  5:21  Pylon  
  44  5:34  Nexus  
  44  5:38  Assimilator  
  44  5:40  Assimilator  
  44  5:46  Assimilator  
  44  5:48  Assimilator  
  44  5:51  Probe (Chrono Boost)  
  45  6:01  Stalker x2  
  39  6:39  Stargate  
  39  6:40  Stargate  
  39  6:42  Stargate  
  39  6:46  Stargate  
  39  6:51  Probe (Chrono Boost)  
  40  7:02  Probe (Chrono Boost)  
  41  7:12  Probe (Chrono Boost)  
  42  7:17  Stalker x2  
  46  7:23  Probe (Chrono Boost)  
  47  7:33  Probe (Chrono Boost)  
  48  7:39  Pylon  
  48  7:40  Pylon  
  48  7:41  Pylon x2  
  48  7:43  Pylon x2  
  49  7:44  Probe (Chrono Boost)  
  49  7:51  Fleet Beacon  
  49  7:54  Probe (Chrono Boost)  
Show
View Real Time Build Order
Export as new Build Order

MinsDaSila Zerg 

Build Orders: Pool First 

Get SALT Encoding   

  12  0:18  Spawning Pool  
  11  0:22  Drone  
  12  0:31  Overlord  
  12  0:55  Extractor  
  11  1:07  Zergling x6  
  14  1:13  Spine Crawler  
  14  1:14  Queen  
  15  1:21  Drone  
  16  1:29  Zergling x2  
  17  1:41  Drone  
  18  1:57  Zergling x2  
  18  2:14  Zergling x2  
  18  2:15  Zergling x2  
  20  2:22  Metabolic Boost  
  20  2:24  Drone  
  19  2:51  Zergling x4  
  19  3:02  Zergling x4  
  19  3:03  Zergling x2  
  21  3:21  Overlord  
  20  3:32  Zergling x4  
  20  3:33  Hatchery  
  21  3:40  Drone  
  22  3:50  Zergling x4  
  22  4:07  Drone x2  
  24  4:10  Extractor  
  23  4:19  Evolution Chamber  
  21  4:25  Zergling x4  
  21  4:30  Zergling x2  
  24  4:33  Drone  
  19  4:46  Zergling x2  
  19  4:47  Zergling x2  
  22  5:00  Drone x2  
  22  5:03  Lair  
  21  5:16  Zergling x2  
  21  5:17  Zergling x6  
  24  5:27  Spine Crawler  
  24  5:28  Drone x4  
  27  5:37  Zerg Melee Weapons Level 1  
  27  5:46  Drone  
  27  5:47  Drone  
  29  5:50  Extractor  
  28  6:05  Zergling x6  
  28  6:06  Zergling x2  
  28  6:09  Queen  
  20  6:35  Drone  
  20  6:36  Drone x2  
  20  6:42  Drone  
  19  7:11  Drone x3  
  19  7:12  Drone x2  
  24  7:35  Spire  
Show
View Real Time Build Order
Export as new Build Order

Folkoven Zerg 

Build Orders: Pool First 

Get SALT Encoding   

  12  0:23  Spawning Pool  
  12  0:25  Drone  
  12  0:36  Overlord  
  12  0:39  Drone  
  12  0:41  Drone  
  14  1:10  Zergling x2  
  14  1:11  Zergling x4  
  17  1:16  Queen  
  19  1:23  Overlord  
  19  1:33  Drone  
  19  1:38  Extractor  
  18  3:00  Drone  
  18  3:01  Drone x2  
  19  3:09  Hatchery  
  19  3:12  Hatchery  
  17  3:26  Extractor  
  16  3:30  Drone x2  
  18  3:35  Drone x4  
  18  3:39  Hatchery  
  21  4:05  Drone  
  21  4:07  Hatchery  
  21  4:09  Drone x4  
  25  4:14  Lair  
  25  4:32  Extractor  
  25  4:37  Extractor  
  23  4:49  Zergling x8  
  23  4:50  Zergling x8  
  31  4:53  Zergling x6  
  31  4:58  Queen x2  
  30  5:05  Zergling x6  
Show
View Real Time Build Order
Export as new Build Order

Iska Protoss 

Build Orders:  

Get SALT Encoding   

  12  0:02  Probe (Chrono Boost)  
  13  0:13  Probe (Chrono Boost)  
  14  0:23  Probe (Chrono Boost)  
  14  0:27  Pylon  
  15  0:33  Assimilator  
  15  0:47  Probe (Chrono Boost)  
  15  0:49  Gateway  
  16  0:55  Assimilator  
  16  0:58  Probe (Chrono Boost)  
  17  1:09  Probe (Chrono Boost)  
  18  1:19  Probe (Chrono Boost)  
  19  1:30  Probe (Chrono Boost)  
  20  1:38  Cybernetics Core  
  20  1:40  Probe (Chrono Boost)  
  20  1:44  Pylon  
  21  1:51  Probe (Chrono Boost)  
  22  2:16  Pylon  
  22  2:21  Stargate, Probe (Chrono Boost)  
  23  2:23  Stargate  
  23  2:52  Pylon  
  23  3:05  Void Ray  
  23  3:07  Void Ray  
  31  3:24  Assimilator  
  31  3:29  Assimilator  
  31  3:32  Nexus  
  31  3:33  Protoss Air Weapons Level 1  
  31  3:45  Mothership Core (Chrono Boost)  
  33  4:03  Probe (Chrono Boost)  
  33  4:06  Void Ray  
  38  4:14  Probe (Chrono Boost)  
  39  4:25  Probe (Chrono Boost)  
  40  4:33  Void Ray  
  44  4:54  Void Ray  
  48  5:16  Void Ray  
  43  5:37  Void Ray  
  47  5:47  Pylon  
  47  5:48  Stargate  
  48  5:51  Probe (Chrono Boost)  
  48  5:57  Pylon  
  48  6:00  Pylon  
  48  6:03  Probe (Chrono Boost)  
  49  6:06  Void Ray  
  53  6:13  Probe (Chrono Boost)  
  54  6:29  Void Ray  
  58  6:46  Void Ray  
  62  6:53  Probe (Chrono Boost)  
  63  7:04  Probe (Chrono Boost)  
  64  7:17  Probe (Chrono Boost)  
  64  7:19  Probe (Chrono Boost)  
  64  7:20  Void Ray  
  70  7:28  Probe (Chrono Boost)  
  70  7:29  Probe (Chrono Boost)  
Show
View Real Time Build Order
Export as new Build Order

phoenix Zerg 

Build Orders: Pool Only 

Get SALT Encoding   

  12  0:09  Overlord  
  12  0:16  Drone  
  12  0:18  Drone  
  14  0:32  Drone x2  
  16  0:39  Extractor  
  15  0:47  Spawning Pool  
  15  0:49  Drone  
  15  0:56  Drone  
  16  1:04  Drone  
  17  1:15  Drone  
  18  1:27  Overlord  
  18  1:34  Queen  
  18  1:39  Metabolic Boost  
  20  1:47  Zergling x2  
  20  1:48  Zergling x2  
  22  2:01  Zergling x2  
  23  2:30  Zergling x4  
  23  2:31  Zergling x2  
  23  2:45  Zergling x2  
  23  2:46  Zergling x6  
  27  3:08  Overlord  
  27  3:15  Zergling x6  
  23  3:40  Zergling x6  
  11  4:19  Zergling x6  
  11  4:20  Zergling x4  
Tags
 
Add a new tag
Caveats
  • Supply blocks, unpowered buildings, or Contaminate may cause inaccurate times.
  • Supply counts are checked every 10 seconds.